 Dungeon Crawl Stone Soup version 0.30-a0-1123-gabc949cf19 (webtiles) character file.

Game seed: 17040880954288330317

1111 themarg the Summoner (level 8, -2/52 HPs)
             Began as a Merfolk Summoner on Apr 22, 2023.
             Was an Initiate of Sif Muna.
             Slain by a bullfrog (6 damage)
             ... on level 8 of the Dungeon on Apr 23, 2023.
             The game lasted 00:16:32 (9343 turns).

themarg the Summoner (Merfolk Summoner)             Turns: 9343, Time: 00:16:32

Health: -2/52      AC:  5    Str:  8    XL:     8   Next: 33%
Magic:  3/11       EV: 17    Int: 16    God:    Sif Muna [......]
Gold:   308        SH:  0    Dex: 15    Spells: 5/11 levels left

rFire   . . .        M - +0 spear (freeze)
rCold   . . .        (no shield)
rNeg    . . .        a - +0 robe
rPois   .            u - +0 helmet
rElec   .            C - +1 cloak
rCorr   .            (no gloves)
SInv    .            (no boots)
Will    .....        (no amulet)
Stlth   ++           s - +5 ring of evasion
HPRegen 0.28/turn    (no ring)
MPRegen 0.12/turn

%: no passive effects
@: no status effects
A: (nimble swimmer 2), mertail
a: Renounce Religion


You were on level 8 of the Dungeon.
You worshipped Sif Muna.
Sif Muna was noncommittal.
You visited 2 branches of the dungeon, and saw 8 of its levels.

You collected 308 gold pieces.

Inventory:

Hand Weapons
 o - the +8 spear of Yreuqeg {heavy, rCorr}
   (You found it on level 2 of the Dungeon)

   rCorr:     It protects you from acid and corrosion.
 M - a +0 spear of freezing (weapon)
Missiles
 c - 87 stones
 B - 10 poisoned darts
 E - a boomerang
 N - a curare-tipped dart
Armour
 a - a +0 robe (worn)
 u - a +0 helmet (worn)
 C - a +1 cloak (worn)
 D - a scarf of shadows
 J - the +5 ring mail of the Untouchables {rElec Str+2}
   (You found it on level 5 of the Dungeon)

   Str:       It affects your strength (+2).
   rElec:     It insulates you from electricity.
 K - a +0 pair of boots
 L - a +0 pair of boots
Jewellery
 s - a +5 ring of evasion (left hand)
Wands
 k - a wand of paralysis (9)
 x - a wand of mindburst (11)
Scrolls
 d - a scroll of torment {unknown}
 e - 2 scrolls of enchant armour
 h - 4 scrolls of identify
 i - a scroll of amnesia {unknown}
 j - 2 scrolls of fog
 l - 3 scrolls of poison
 m - 3 scrolls of noise
 n - 2 scrolls of teleportation {unknown}
 p - a scroll of magic mapping
 t - 4 scrolls of fear
 w - a scroll of enchant weapon {unknown}
 y - 2 scrolls of vulnerability {unknown}
 F - 2 scrolls of blinking {unknown}
 O - a scroll of acquirement {unknown}
Potions
 b - 2 potions of magic
 f - 2 potions of degeneration {unknown}
 g - a potion of mutation {unknown}
 q - a potion of flight {unknown}
 r - 6 potions of curing
 v - a potion of lignification {unknown}
 z - 3 potions of brilliance {unknown}
 A - a potion of haste
 G - a potion of heal wounds {unknown}
 H - a potion of attraction {unknown}
 I - a potion of experience {unknown}


   Skills:
 - Level 2.6 Dodging
 - Level 2.1 Stealth
 - Level 2.0 Spellcasting
 + Level 9.3 Summonings
 + Level 3.7 Air Magic


You had 5 spell levels left.
You knew the following spells:

 Your Spells              Type           Power      Damage    Failure   Level
a - Summon Small Mammal   Summ           100%       N/A       1%          1
b - Call Imp              Summ           62%        N/A       1%          2
c - Call Canine Familiar  Summ           31%        N/A       1%          3

Your spell library contained the following spells:

 Spells                   Type           Power      Damage    Failure   Level
 Summon Guardian Golem    Hex/Summ       16%        N/A       10%         3
 Summon Lightning Spire   Summ/Air       22%        N/A       14%         4
 Slow                     Hex            4%         N/A       21%         1
 Confusing Touch          Hex            1%         N/A       52%         3
 Vampiric Draining        Necr           1%         2d6       52%         3
 Yara's Violent Unravell  Hex/Tmut       0%         3d3       99%         5
 Monstrous Menagerie      Summ           15%        N/A       98%         7
 Storm Form               Tmut/Air       3%         N/A       100%        7
 Borgnjor's Revivificati  Necr           0%         N/A       100%        8
 Necromutation            Tmut/Necr      0%         N/A       100%        8
 Death's Door             Necr           0%         N/A       100%        9


Dungeon Overview and Level Annotations

Branches:
Dungeon (6/15)             Temple (1/1) D:6

Altars:
Ashenzari
Cheibriados
Dithmenos
Elyvilon
Fedhas
Gozag
Hepliaklqana
Kikubaaqudgha
Makhleb
Okawaru
Qazlal
Ru
Sif Muna
Trog
Uskayaw
Vehumet
Wu Jian
Xom
Yredelemnul
Zin
The Shining One

Annotations:
D:8 1 runed translucent door


Innate Abilities, Weirdness & Mutations

((You are very nimble when in or above water. (Stealth+, EV+, Speed+++)))
Your lower body shifts to a powerful aquatic tail in water.


Message History

The black bear closely misses you.
The black bear claws you but does no damage.
The black bear closely misses you.
You hit the black bear. You freeze the black bear.
The black bear is heavily wounded.
The bullfrog completely misses you.
Your hound bites the black bear.
Your quokka misses the bullfrog. The bullfrog hits you.
Your cerulean imp hits the black bear with a -1 spear.
The black bear bites your hound! The black bear claws your hound. x2
Your hound dies!
Your hound's corpse disappears in a puff of smoke!
You barely miss the black bear.
The black bear is heavily wounded.
Your quokka closely misses the bullfrog.
The bullfrog closely misses you.
Your cerulean imp hits the black bear with a -1 spear.
The black bear completely misses your cerulean imp.
The black bear barely misses your cerulean imp.
The black bear claws your cerulean imp.
Your quokka completely misses the bullfrog.
The bullfrog hits you. The bullfrog closely misses you.
Your cerulean imp hits the black bear with a -1 spear.
The black bear goes berserk!
Your quokka misses the bullfrog. You hit the black bear.
You freeze the black bear.
The black bear is severely wounded.
The bullfrog closely misses you. The black bear bites you!
* * * LOW HITPOINT WARNING * * *
The black bear claws you but does no damage.
The black bear barely misses you.
Your hound closely misses the bullfrog.
Your cerulean imp hits the black bear with a -1 spear.
Your quokka closely misses the bullfrog.
The bullfrog hits you but does no damage.
You hit the black bear but do no damage.
The black bear is almost dead.
The black bear bites you.
* * * LOW HITPOINT WARNING * * *
The black bear claws you but does no damage.
The black bear misses you.
Your hound bites the bullfrog.
Your quokka misses the bullfrog. The bullfrog hits you.
You die...

,,,,* **,,,,,,,*#h#
***,* *⌠,,,,,,,⌠#.#
,,*,** **,,,,,,,*#.#
∩,+,,* *,,,,,,,,,#.#
,,*,,* ***8,,,,,8*#.#
+**,,* *,**,,8,,###.#
,,,,,****,*****###<..#
,,,,,,,,,,######..r..##
,*,,,***,*#...5h@F....#
,**,** *,*#.####..h..##
,,,,****,,,,* ##...##
,,,,,,,,,,,,* ##.##
***********,* #.#
*,*****#.# *,,,,,,..#
**********


You could see a black bear (berserk, ally target), a bullfrog (ally target), a
friendly hound (summoned), a friendly cerulean imp (summoned) and a friendly
quokka (summoned).

Vanquished Creatures
  A black bear (D:5)
  2 scorpions
  A gnoll bouda (D:5)
  2 iguanas
  Natasha (twice) (D:4)
  6 gnolls
  2 adders
  An ufetubus (D:4)
  A worm (D:3)
  2 dart slugs
  3 orcs
  2 ball pythons
  5 bats
  An endoplasm (D:2)
  3 giant cockroaches
  A goblin (D:4)
  2 jackals (D:1)
  2 kobolds (D:1)
  A quokka (D:1)
  4 frilled lizards
44 creatures vanquished.

Vanquished Creatures (collateral kills)
  An ogre (D:4)
  A kobold brigand (D:6)
  A gnoll sergeant (D:5)
  A bullfrog (D:8)
  A scorpion (D:5)
  A jelly (D:8)
  A hound (D:5)
  An iguana (D:6)
  Natasha (D:4)
  5 gnolls
  8 adders
  A white imp (D:6)
  A worm (D:2)
  A dart slug (D:4)
  3 orcs
  5 ball pythons
  5 endoplasms
  6 giant cockroaches
  9 goblins
  4 hobgoblins
  9 jackals
  12 kobolds
  3 quokkas
  2 frilled lizards
  3 rats
86 creatures vanquished.

Grand Total: 130 creatures vanquished

Notes
Turn   | Place    | Note
-------+----------+-------------------------------------------
     0 | D:1      | themarg the Merfolk Summoner began the quest for the Orb.
     0 | D:1      | Reached XP level 1. HP: 13/13 MP: 3/3
   198 | D:1      | Reached XP level 2. HP: 19/19 MP: 3/5
   206 | D:1      | Learned a level 2 spell: Call Imp
   277 | D:1      | Got the Catalogue of Phantasmal Modification
   835 | D:1      | Reached XP level 3. HP: 23/24 MP: 2/6
  1030 | D:1      | Reached skill level 5 in Summonings
  1161 | D:2      | Learned a level 3 spell: Call Canine Familiar
  1471 | D:2      | Identified the +8 spear of Yreuqeg {heavy, rCorr}
  1702 | D:2      | Reached XP level 4. HP: 30/30 MP: 4/7
  2572 | D:3      | Reached skill level 6 in Summonings
  2591 | D:3      | Reached XP level 5. HP: 35/35 MP: 4/8
  4051 | D:4      | Noticed an ogre
  4062 | D:4      | Killed an ogre
  4063 | D:4      | Reached skill level 7 in Summonings
  4063 | D:4      | Reached XP level 6. HP: 41/41 MP: 2/9
  4392 | D:4      | Found a glowing silver altar of Zin.
  4399 | D:4      | Found a blossoming altar of Fedhas.
  4944 | D:4      | Noticed Natasha
  4953 | D:4      | Killed Natasha
  5548 | D:4      | Found a glowing silver altar of Zin.
  5561 | D:4      | Found a blossoming altar of Fedhas.
  6110 | D:4      | Found a glowing silver altar of Zin.
  6159 | D:4      | Noticed Natasha
  6164 | D:4      | Killed Natasha
  6424 | D:4      | Noticed Natasha
  6430 | D:4      | Killed Natasha
  6539 | D:4      | Found a blossoming altar of Fedhas.
  6919 | D:5      | Entered Level 5 of the Dungeon
  7097 | D:5      | Identified the +5 ring mail of the Untouchables {rElec
                  | Str+2}
  7110 | D:5      | Reached skill level 8 in Summonings
  7110 | D:5      | Reached XP level 7. HP: 46/46 MP: 5/10
  7225 | D:5      | Reached skill level 1 in Air Magic
  8486 | D:5      | Reached XP level 8. HP: 30/52 MP: 1/11
  8634 | D:6      | Reached skill level 9 in Summonings
  9081 | D:6      | Found a staircase to the Ecumenical Temple.
  9089 | Temple   | Entered the Ecumenical Temple
  9235 | Temple   | Became a worshipper of Sif Muna the Loreminder
  9262 | D:6      | You fall into a shaft and drop 2 floors!
  9319 | D:8      | Found a runed translucent gate.
  9343 | D:8      | Slain by a bullfrog

Illustrated notes

Levels and vault maps discovered:
D:1:      zaba_arrival_water, layout_loops_ring
D:2:      kb_forest_paths, layout_rooms, st_stairs_14, grunt_decor_junction,
          minmay_tetromino_o4
D:3:      layout_basic, chequers_decorated_corner, nicolae_hexahallways
D:4:      minmay_spotlight, layout_layer_cave,
          mainiacjoe_overflow_catwalk_spiral, glass_columns_a,
          minmay_misc_feat_pillars, uniq_natasha
D:5:      layout_basic, minmay_curled_crystal, grunt_ministairs_2
D:6:      layout_basic, temple_green, nicolae_fountain_basement
D:8:      minmay_ornate_pinched, layout_loops_ring, enter_ossuary_2,
          gammafunk_ghost_cemetery
Temple:   nicolae_temple_bog_church

Skill      XL: |  1  2  3  4  5  6  7  8 |
---------------+-------------------------+-----
Summonings     | 5 6 7 8 9 |  9.3
Air Magic      | 2 3 |  3.7
Dodging        | |  2.6
Stealth        | |  2.1
Spellcasting   | |  2.0

Action                     |  1- 3 |  4- 6 |  7- 9 || total
---------------------------+-------+-------+-------++-------
  Melee: Dagger            |    42 |       |       ||    42
         Spear             |     4 |    60 |    83 ||   147
   Cast: Summon Small Mamm |    49 |     8 |     6 ||    63
         Call Imp          |    12 |    19 |    15 ||    46
         Call Canine Famil |     2 |    32 |    24 ||    58
    Use: Scroll            |       |       |     7 ||     7
         Potion            |       |       |     1 ||     1
   Stab: Distracted        |     1 |     2 |       ||     3
 Armour: Robe              |     7 |     5 |    12 ||    24
  Dodge: Dodged            |    34 |    34 |    87 ||   155

Table legend: (Time is in decaauts)
 A = Elapsed time spent in this place.
 B = Non-inter-level travel time spent in this place.
 C = Inter-level travel time spent in this place.
 D = Time resting spent in this place.
 E = Time spent auto-exploring this place.
 F = Levels seen in this place.
 G = Mean time per level.
                   A        B        C        D        E       F      G
               +--------+--------+--------+--------+--------+-----+--------+
         Total |   9400 |   8966 |    434 |     85 |   7585 |   8 | 1175.0 |
       Dungeon |   9253 |   8829 |    424 |     85 |   7465 |   7 | 1321.9 |
        Temple |    146 |    136 |     10 |      0 |    120 |   1 |  146.0 |
               +--------+--------+--------+--------+--------+-----+--------+

Top non-repeatable levels by time:
     D:4: 3078 daAuts
     D:5: 1662 daAuts
     D:2: 1394 daAuts
     D:3: 1289 daAuts
     D:1: 1195 daAuts
     D:6: 551 daAuts
  Temple: 146 daAuts
     D:8: 82 daAuts
